 Dungeon Crawl Stone Soup version 0.28.0-53-g5a82cb258f (webtiles) character file.

Game seed: 6800192361362388370

52178 mcbry74 the Cleaver (level 14, -1/114 HPs)
             Began as a Hill Orc Fighter on June 25, 2022.
             Was a High Priest of Qazlal.
             Slain by a troll (7 damage)
             ... on level 12 of the Dungeon.
             The game lasted 02:01:44 (31839 turns).

mcbry74 the Cleaver (Hill Orc Fighter)             Turns: 31839, Time: 02:01:45

Health: -1/114     AC: 24    Str: 20    XL:     14   Next: 62%
Magic:  9/22       EV:  8    Int:  7    God:    Qazlal [*****.]
Gold:   1452       SH: 13    Dex: 14    Spells: 13/13 levels left

rFire   . . .      SeeInvis .   a - +1 broad axe
rCold   + + .      Faith    +   c - +0 buckler
rNeg    + . .      Spirit   .   A - +3 chain mail "Qakheica" {rF+ rN+}
rPois   +          Reflect  .   e - +0 helmet
rElec   .          Harm     .   Q - +0 cloak
rCorr   +          Rampage  .   p - +1 pair of gloves
Will    +....                   x - +2 pair of boots
Stlth   ..........              Z - amulet of faith
HPRegen 0.29/turn               K - ring of ice
MPRegen 0.18/turn               z - ring "Poady" {rPois rCorr Int-5 Dex+4}

@: mighty, protected from cold, repel missiles
A: no striking features
a: Renounce Religion, Upheaval, Elemental Force, Disaster Area


You were on level 12 of the Dungeon.
You worshipped Qazlal.
Qazlal was extremely pleased with you.
You visited 3 branches of the dungeon, and saw 19 of its levels.
You also visited: Sewer.

You collected 1452 gold pieces.

Inventory:

Hand Weapons
 a - a +1 broad axe (weapon)
 h - a +2 morningstar of flaming
 B - a +1 hand axe of holy wrath
 N - the +9 mace of the Five Towns {antimagic, rN+ Str+4}
   (You found it on level 3 of the Lair of Beasts)

   It reduces the magical energy of the wielder, and disrupts the spells and
   magical abilities of those it strikes.
   Natural abilities and divine invocations are not affected.
   Str:       It affects your strength (+4).
   rN:        It protects you from negative energy.
Missiles
 g - 23 poisoned darts (quivered)
 j - 5 javelins
 t - a throwing net
 v - 5 silver javelins
Armour
 c - a +0 buckler (worn)
 e - a +0 helmet (worn)
 p - a +1 pair of gloves (worn)
 x - a +2 pair of boots (worn)
 A - the +3 chain mail "Qakheica" (worn) {rF+ rN+}
   (You found it on level 4 of the Dungeon)

   rF:        It protects you from fire.
   rN:        It protects you from negative energy.
 Q - a +0 cloak (worn)
Jewellery
 f - a ring of fire
 q - a ring of protection from cold
 z - the ring "Poady" (right hand) {rPois rCorr Int-5 Dex+4}
   (You found it on level 6 of the Lair of Beasts)

   [ring of poison resistance]

   Int:       It affects your intelligence (-5).
   Dex:       It affects your dexterity (+4).
   rPois:     It protects you from poison.
   rCorr:     It protects you from acid and corrosion.
 E - a +4 ring of protection
 K - a ring of ice (left hand)
 P - a +4 ring of protection
 S - the ring "Tujaoff" {rN+ MP+9 Dex+2}
   (You found it on level 7 of the Dungeon)

   [ring of magical power]

   Dex:       It affects your dexterity (+2).
   rN:        It protects you from negative energy.
   MP:        It affects your magic capacity (+9).
 W - a ring of willpower
 Z - an amulet of faith (around neck)
Wands
 l - a wand of digging (1)
 o - a wand of iceblast (11)
 H - a wand of flame (15)
 R - a wand of mindburst (12)
 T - a wand of polymorph (5)
 V - a wand of charming (13)
Scrolls
 i - 2 scrolls of holy word
 s - 10 scrolls of fog
 u - 4 scrolls of identify
 y - 2 scrolls of summoning
 D - 2 scrolls of immolation
 F - a scroll of fear
Potions
 b - a potion of mutation
 d - a potion of might
 k - a potion of resistance
 m - 2 potions of invisibility
 r - 7 potions of curing
 w - a potion of cancellation
 G - 5 potions of flight
 O - a potion of lignification
 X - a potion of haste


   Skills:
 * Level 7.8 Fighting
 - Level 14.1(15.7) Axes
 * Level 9.6(12.2) Maces & Flails
 + Level 7.7 Throwing
 - Level 12.0 Armour
 - Level 12.0 Shields
 + Level 10.8 Invocations
 + Level 8.3 Evocations


You had 13 spell levels left.
You didn't know any spells.
Your spell library contained the following spells:

 Spells                   Type           Power      Damage    Failure   Level
 Foxfire                  Conj/Fire      0%         2x1d4     98%         1
 Sandblast                Erth           0%         2d4       98%         1
 Passwall                 Tmut/Erth      0%         N/A       99%         2
 Static Discharge         Conj/Air       0%         N/A       99%         2
 Conjure Flame            Conj/Fire      0%         6-21      100%        3
 Dazzling Flash           Conj/Hex       0%         N/A       100%        3
 Gell's Gravitas          Tloc           0%         N/A       100%        3
 Ignite Poison            Fire/Tmut/Pois 0%         N/A       100%        3
 Inner Flame              Hex/Fire       0%         N/A       100%        3
 Stone Arrow              Conj/Erth      0%         3d7       100%        3
 Teleport Other           Tloc           0%         N/A       100%        3
 Airstrike                Air            0%         N/A       100%        4
 Flame Wave               Conj/Fire      0%         2d4       100%        4
 Passage of Golubria      Tloc           0%         N/A       100%        4
 Silence                  Hex/Air        0%         N/A       100%        5
 Dispersal                Tloc           0%         N/A       100%        6
 Statue Form              Tmut/Erth      0%         N/A       100%        6
 Storm Form               Tmut/Air       0%         N/A       100%        7
 Lehudib's Crystal Spear  Conj/Erth      0%         10d2      100%        8


Dungeon Overview and Level Annotations

Branches:
Dungeon (12/15)            Temple (1/1) D:6            Lair (6/6) D:8
  Swamp (0/4) Lair:4        Snake (0/4) Lair:2        Slime (0/5) Lair:6
    Orc (0/2) D:12          Sewer (visited)

Altars:
Cheibriados
Dithmenos
Elyvilon
Fedhas
Gozag
Kikubaaqudgha
Makhleb
Nemelex Xobeh
Qazlal
Ru
Sif Muna
Trog
Uskayaw
Vehumet
Yredelemnul
Zin
The Shining One
Jiyva

Portals:
Hell: Lair:6


Message History

The rime drake breathes ice at you. You block the flash freeze.
A cyclops comes into view.
You hit the troll.
The troll is lightly wounded.
You closely miss the rime drake. Something hits you but does no damage.
You block the troll's attack. The troll barely misses you.
The troll claws you but does no damage.
The rime drake bites you but does no damage.
You slash the troll!
The troll is heavily wounded.
You hit something but do no damage. You hit the rime drake.
You kill the rime drake!
Qazlal accepts your kill. Something hits you.
* * * LOW HITPOINT WARNING * * *
You block the troll's attack. The troll barely misses you.
You block the troll's attack.
You hit the troll.
The troll is heavily wounded.
Something hits you.
* * * LOW HITPOINT WARNING * * *
The troll bites you but does no damage. You block the troll's attack. x2
Something hits you but does no damage.
The cyclops throws a large rock.
The large rock closely misses you.
There is an open door here.
You feel very mighty all of a sudden. Something completely misses you.
Something hits you but does no damage.
You slice something!! Something hits you but does no damage.
Qazlal accepts your kill.
Reactivating autopickup.
You feel a bit more experienced. The troll bites you!
* * * LOW HITPOINT WARNING * * *
The troll claws you but does no damage. You block the troll's attack.
There is an open door, spattered with blood here.
You slash the troll!
The troll is severely wounded.
The troll bites you!
You die...

.................,,,,,,,,,,,,,,,*
..............#########,,******,*
..............#.......#,,*,,,,*,*
###†###.......#.......#,.≈,,,,*,*
......#.......#.......#≈#,,,,,+,*
......#.......#.^.....≈#≈,,*,,+,*
......#.......#,..§...#≈.,,*≈,*,*
......#.......###.○..≈...,,*≈,*,*
......###.......@T..C....,∩*≈,*,,
.......,#.....○.#......##***≈,*,,
........#)....°§######..≈≈≈≈≈**,,
........#.........,,,,,,.,,,,,,,,
***,,,,,#..........,,>,,,,,,,****
,,******#......#####*****,,,,*,,,
,,,,,,,........# *,,,,*,,,
,,,,,,,........# *,,,,*,,,
,,,,,,,,,,,,,,,* *,,,,*,,,


You could see a cyclops and a troll.

Vanquished Creatures
  12 hydras
  A boulder beetle (D:11)
  A death yak (Lair:4)
  A sixfirhy (Lair:6)
  A wizard (Lair:6)
  Pikel (D:9)
  A lindwurm (Lair:1)
  A deep elf pyromancer (D:11)
  An ugly thing (D:12)
  12 black mambas
  9 elephants
  2 orange demons (Lair:6)
  A torpor snail (Lair:4)
  Maggie (D:6)
  A smoke demon (Lair:6)
  9 cane toads
  3 unseen horrors
  5 rime drakes
  3 kobold demonologists
  12 komodo dragons
  2 ice devils (Lair:6)
  5 yaktaurs (D:11)
  2 red devils (Lair:6)
  2 hornets
  3 trolls
  Grinder (D:6)
  3 blink frogs (Lair:5)
  6 dream sheep (Lair:5)
  A meliai zombie (D:11)
  A shadow (D:12)
  Eustachio (D:5)
  A wraith (D:11)
  49 yaks
  3 wyverns
  2 steam dragons
  Edmund (D:6)
  3 basilisks
  3 acid dragons (D:11)
  4 swamp worms (Lair:4)
  22 water moccasins
  4 hell hounds (Lair:6)
  2 black bears
  3 orc warriors
  A sky beast (D:5)
  2 necrophages
  4 ice beasts
  3 ogres
  9 wolves
  A centaur (D:10)
  3 lemures (D:9)
  2 phantoms
  6 kobold brigands
  13 bullfrogs
  A wyvern zombie (D:8)
  2 scorpions
  A gnoll sergeant (D:9)
  2 water moccasin zombies
  2 water moccasin skeletons
  4 wights (D:7)
  9 electric eels
  7 howler monkeys
  4 centaur zombies
  6 jellies
  A bullfrog zombie (D:6)
  3 hounds
  A centaur skeleton (D:5)
  4 orc priests
  A bullfrog skeleton (D:5)
  11 hell rats
  6 orc wizards
  2 iguanas
  2 killer bee zombies
  A hound skeleton (D:4)
  3 howler monkey zombies
  A howler monkey skeleton (D:7)
  24 gnolls
  3 river rats (Sewer)
  18 adders
  2 shadow imps
  A white imp (D:5)
  4 worms
  2 dart slugs
  19 orcs
  13 ball pythons
  12 endoplasms
  7 giant cockroaches
  37 goblins
  27 hobgoblins
  6 jackals
  6 quokkas
  8 bats
  11 frilled lizards
  7 kobolds
  4 rats
531 creatures vanquished.

Vanquished Creatures (others)
  62 fungi
  45 plants
107 creatures vanquished.

Grand Total: 638 creatures vanquished

Notes
Turn   | Place    | Note
-------+----------+-------------------------------------------
     0 | D:1      | mcbry74 the Hill Orc Fighter began the quest for the Orb.
     0 | D:1      | Reached XP level 1. HP: 19/19 MP: 1/1
   159 | D:1      | Reached skill level 3 in Axes
   227 | D:1      | Reached XP level 2. HP: 26/26 MP: 2/2
   461 | D:1      | Found a faded altar of an unknown god.
  1011 | D:1      | Reached XP level 3. HP: 28/31 MP: 3/3
  1271 | D:2      | Reached skill level 4 in Axes
  2034 | D:2      | Got the Almanac of Mutagenic Lightness
  2188 | D:3      | Reached XP level 4. HP: 36/39 MP: 4/4
  2447 | D:3      | Reached skill level 5 in Axes
  2448 | D:3      | Reached XP level 5. HP: 29/45 MP: 5/5
  3049 | D:3      | Reached skill level 6 in Axes
  3049 | D:3      | Reached XP level 6. HP: 51/51 MP: 6/6
  4318 | D:4      | Reached skill level 7 in Axes
  4318 | D:4      | Reached skill level 5 in Armour
  4318 | D:4      | Reached skill level 5 in Shields
  4318 | D:4      | Reached XP level 7. HP: 44/57 MP: 7/7
  4503 | D:4      | Got the Compendium of Attacks
  4854 | D:4      | Identified the +3 chain mail "Qakheica" {rF+ rN+}
  4893 | D:4      | Reached skill level 8 in Axes
  5085 | D:5      | Entered Level 5 of the Dungeon
  5085 | D:5      | Found a glowing drain.
  5489 | Sewer    | Entered a sewer
  5750 | Sewer    | Reached XP level 8. HP: 61/64 MP: 8/8
  6327 | D:5      | Noticed Eustachio
  6380 | D:5      | Killed Eustachio
  6381 | D:5      | Reached skill level 9 in Axes
  6686 | D:5      | Reached skill level 10 in Axes
  6869 | D:5      | Noticed a yak
  6869 | D:5      | Noticed a yak
  6870 | D:5      | Noticed a yak
  6870 | D:5      | Noticed a yak
  6870 | D:5      | Noticed a yak
  6885 | D:5      | Killed a yak
  6886 | D:5      | Reached XP level 9. HP: 59/70 MP: 9/9
  6905 | D:5      | Reached skill level 11 in Axes
  7574 | D:6      | Noticed Maggie
  7714 | D:6      | Reached skill level 12 in Axes
  7714 | D:6      | Killed Maggie
  7725 | D:6      | Noticed Grinder
  7908 | D:6      | Killed Grinder
  8594 | D:6      | Found a staircase to the Ecumenical Temple.
  8601 | D:6      | Reached XP level 10. HP: 62/77 MP: 10/10
  8607 | Temple   | Entered the Ecumenical Temple
  8701 | Temple   | Became a worshipper of Qazlal Stormbringer
  9059 | D:6      | Noticed Edmund
  9075 | D:6      | Killed Edmund
  9076 | D:6      | Reached skill level 13 in Axes
  9231 | D:6      | Killed an unseen horror
 10146 | D:7      | Identified the ring "Tujaoff" {rN+ MP+9 Dex+2}
 10329 | D:7      | You fall into a shaft and drop 1 floor!
 10329 | D:8      | Found a white marble altar of Elyvilon.
 10562 | D:8      | Found a staircase to the Lair.
 10730 | D:8      | Reached skill level 14 in Axes
 10801 | D:8      | Reached * piety under Qazlal
 11446 | D:7      | Reached skill level 1 in Invocations
 12266 | D:9      | Reached skill level 1 in Maces & Flails
 12266 | D:9      | Reached skill level 1 in Throwing
 12266 | D:9      | Reached skill level 1 in Evocations
 12631 | D:9      | Noticed a kobold demonologist
 12637 | D:9      | Noticed a sixfirhy
 12638 | D:9      | Noticed a soul eater
 12650 | D:9      | Killed a kobold demonologist
 13081 | D:9      | Reached XP level 11. HP: 55/82 MP: 13/13
 13240 | D:9      | Noticed Pikel
 13264 | D:9      | Killed Pikel
 13736 | D:10     | Entered Level 10 of the Dungeon
 15212 | D:10     | Reached ** piety under Qazlal
 16343 | D:11     | Reached skill level 10 in Armour
 16343 | D:11     | Reached skill level 10 in Shields
 16514 | D:11     | Noticed a boulder beetle
 16602 | D:11     | Killed a boulder beetle
 16603 | D:11     | Reached skill level 5 in Invocations
 17708 | D:11     | Reached XP level 12. HP: 82/90 MP: 16/16
 17938 | D:11     | Reached skill level 5 in Maces & Flails
 18388 | Lair:1   | Entered Level 1 of the Lair of Beasts
 19854 | Lair:2   | Reached skill level 5 in Evocations
 20280 | Lair:2   | Reached skill level 5 in Throwing
 20342 | Lair:2   | Found a staircase to the Snake Pit.
 21976 | Lair:3   | Identified the +0 glaive of Dust {flame, *Noise Will+
                  | Int+9}
 22482 | Lair:3   | Noticed a seven-headed hydra
 22489 | Lair:3   | Killed a seven-headed hydra
 22646 | Lair:3   | Reached XP level 13. HP: 95/95 MP: 19/19
 22686 | Lair:3   | Identified the +9 mace of the Five Towns {antimagic, rN+
                  | Str+4}
 23591 | Lair:3   | Reached *** piety under Qazlal
 24384 | Lair:4   | Found a staircase to the Swamp.
 24801 | Lair:4   | HP: 2/142 [komodo dragon (20)]
 27094 | Lair:4   | HP: 1/95 [black mamba (13)]
 28068 | Lair:4   | Reached **** piety under Qazlal
 28319 | Lair:5   | Reached skill level 5 in Fighting
 28412 | Lair:5   | Reached XP level 14. HP: 95/107 MP: 21/21
 28621 | Lair:5   | Found a sacrificial altar of Ru.
 28827 | Lair:5   | Reached skill level 10 in Invocations
 29031 | Lair:6   | Entered Level 6 of the Lair of Beasts
 29080 | Lair:6   | Identified the ring "Poady" {rPois rCorr Int-5 Dex+4}
 30016 | Lair:6   | Found a runed translucent door.
 30016 | Lair:6   | Found a viscous altar of Jiyva.
 30022 | Lair:6   | Found a staircase to the Slime Pits.
 30830 | Lair:6   | Found a burning altar of Makhleb.
 30830 | Lair:6   | Found a gateway to Hell.
 31740 | D:12     | Reached ***** piety under Qazlal
 31778 | D:12     | Found a radiant altar of Vehumet.
 31838 | D:12     | HP: 5/114 [troll (11)]
 31839 | D:12     | Slain by a troll

Illustrated notes

Levels and vault maps discovered:
D:1:      dpeg_arrival_pond, layout_basic, ebering_ecumenical_altar_sacrificial
D:2:      layout_basic, chequers_serial_rivers_small_b
D:3:      minmay_goblin_kobold_castle, layout_basic, amethyst_killhole
D:4:      layout_cave_pools
D:5:      layout_loops_ring, cheibrodos_sewer_entry_bend,
          minmay_fractal_squares_diagonal_5, uniq_eustachio
D:6:      layout_rooms, minmay_temple_entry_drinking_statues, uniq_grinder,
          uniq_edmund, uniq_maggie
D:7:      layout_layer_cave, minmay_strange_pillars
D:8:      layout_cave_pods, elyvilon_altar_3, lair_entry_dummy,
          nrook_mini_vaults
D:9:      layout_loops_corners, uniq_pikel
D:10:     layout_basic
D:11:     layout_basic
D:12:     layout_irregular_city, orc_0_dummy, portal_ice_cave_rime,
          serial_bayou_pond_a, nrook_mini_backslash, nicolae_vehumet_radiance
Temple:   nicolae_temple_the_god_donut
Lair:1:   layout_misc_corridors, lightli_volcano_entry_magma_tube,
          serial_bayou_shore_a
Lair:2:   layout_roguey, minmay_snake_entry_six_corridors
Lair:3:   layout_cave_pods, beast_lair_carwin_2
Lair:4:   layout_long_grid, minmay_swamp_entry_worms,
          chequers_serial_rivers_micro_e, hangedman_lair_generics_rect
Lair:5:   layout_misc_corridors, basic_altar, cheibrodos_lair_reptile_den
Lair:6:   evil_forest, layout_hall_layers, slime_altar_2, grunt_megastairs_1

Skill      XL: |  1  2  3  4  5  6  7  8  9 10 11 12 13 14 |
---------------+-------------------------------------------+-----
Axes           | 3 4 5 6 7 8 10 12 14 | 14.1
Armour         | 4 5 6 8 9 10 11 12 | 12.0
Shields        | 4 5 6 8 9 10 11 12 | 12.0
Invocations    | 2 5 8 9 10 | 10.8
Maces & Flails | 2 4 6 8 9 |  9.6
Throwing       | 1 4 5 7 |  7.7
Evocations     | 2 4 6 7 8 |  8.3
Fighting       | 5 7 |  7.8

Action                   |  1- 3 |  4- 6 |  7- 9 | 10-12 | 13-15 || total
-------------------------+-------+-------+-------+-------+-------++-------
Melee: War axe           |    98 |   216 |   375 |       |       ||   689
       Hand axe          |       |       |    65 |  1301 |       ||  1366
       Broad axe         |       |       |       |    17 |   449 ||   466
       Morningstar       |       |       |       |     3 |    14 ||    17
       Mace              |       |       |       |       |   303 ||   303
Throw: Dart              |       |       |       |     4 |     7 ||    11
       Boomerang         |       |       |       |     2 |       ||     2
Invok: Upheaval          |       |       |       |     1 |       ||     1
       Elemental Force   |       |       |       |       |     2 ||     2
Evoke: Wand              |       |       |       |       |     4 ||     4
  Use: Scroll            |       |     2 |     4 |    14 |    11 ||    31
       Potion            |       |       |     2 |     1 |    12 ||    15
Armor: Scale mail        |    35 |       |       |    24 |   293 ||   352
       Chain mail        |     3 |   122 |   364 |   572 |   280 ||  1341
       Skin              |       |       |       |       |    55 ||    55
Dodge: Dodged            |    33 |    91 |   161 |   289 |   319 ||   893
       Repelled          |       |       |       |       |     1 ||     1
Block: Buckler           |    19 |    60 |   107 |   350 |   572 ||  1108
